 Dungeon Crawl Stone Soup version 0.29.0-4-gdea44cf6ec (webtiles) character file.

Game seed: 6208473472195542668

24 qw the Chopper (level 3, -2/23 HPs)
             Began as a Gargoyle Berserker on Sept 5, 2022.
             Was a Follower of Trog.
             Killed by an exploding butterfly (25 damage)
             ... ignited by their inner flame
             ... on level 1 of the Dungeon.
             The game lasted 00:00:19 (1308 turns).

qw the Chopper (Gargoyle Berserker)                 Turns: 1308, Time: 00:00:19

Health: -2/23      AC:  6    Str: 22    XL:     3   Next: 2%
Magic:  3/3        EV: 11    Int:  7    God:    Trog [*.....]
Gold:   21         SH:  0    Dex:  9    Spells: 2/2 levels left

rFire   . . .      SeeInvis .   Y - +0 hand axe
rCold   . . .      Faith    .   (no shield)
rNeg    + . .      Spirit   .   d - +0 leather armour
rPois   inf        Reflect  .   (no helmet)
rElec   +          Harm     .   (no cloak)
rCorr   .          Rampage  .   (no gloves)
Will    .....                   (no boots)
Stlth   +.........              (no amulet)
HPRegen 0.07/turn               (no ring)
MPRegen 0.08/turn               (no ring)

@: no status effects
A: sickness immunity, AC +3, negative energy resistance 1, electricity
resistance, torment resistance 1, petrification resistance
a: Renounce Religion, Berserk


You were on level 1 of the Dungeon.
You worshipped Trog.
Trog was aware of your devotion.
You visited 1 branch of the dungeon, and saw 1 of its levels.

You collected 54 gold pieces.
You spent 33 gold pieces at shops.


Innate Abilities, Weirdness & Mutations

You are immune to sickness and miasma.
Your stone body is resilient. (AC +3)
You are immune to poison.
You resist negative energy. (rN+)
You are resistant to electric shocks. (rElec)
You are resistant to unholy torment.
You are immune to petrification.


   Skills:
 - Level 3.2 Fighting
 + Level 3.7 Axes
 - Level 2.1 Armour
 - Level 1.5 Dodging


You had 2 spell levels left.
You didn't know any spells.
Your spell library was empty.

Inventory:

Hand Weapons
 e - a +0 mace
 Y - a +0 hand axe (weapon)
Armour
 d - a +0 leather armour (worn)
Scrolls
 a - a scroll of teleportation
 f - 2 scrolls of identify
 j - a scroll of poison
Potions
 i - a potion of curing

Dungeon Overview and Level Annotations

Branches:
Dungeon (1/15)

Altars:

Shops:
D:1 !


Message History

You start waiting.
Your surroundings suddenly seem different.
Partly explored, can't reach some places.
1305 ||| READING 3 scrolls labelled EHOSUN GILOS.
As you read the scroll labelled EHOSUN GILOS, it crumbles to dust.
It is a scroll of identify.
Really abort (and waste the scroll)?
Partly explored, can't reach some places.
1306 ||| READING scroll labelled ANOEREC VOTE.
As you read the scroll labelled ANOEREC VOTE, it crumbles to dust.
You hear the tinkle of a tiny bell.
It was a scroll of butterflies.
Partly explored, can't reach some places.
1307 ||| READING scroll labelled DOTHAM JARIRGHU.
As you read the scroll labelled DOTHAM JARIRGHU, it crumbles to dust.
The creatures around you are filled with an inner flame!
It was a scroll of immolation.
Partly explored, can't reach some places.
1308 ||| READING 2 scrolls labelled MECAIL VEYM.
The air fills with toxic fumes!
As you read the scroll labelled MECAIL VEYM, it crumbles to dust.
It was a scroll of poison.
Your butterfly is engulfed in poison gas.
Your butterfly is poisoned.
Your butterfly disappears in a burst of colours!
Your butterfly explodes!
The fiery explosion engulfs your butterfly!!
Your butterfly disappears in a burst of colours!
The fiery explosion engulfs your butterfly!!
Your butterfly disappears in a burst of colours!
Your butterfly explodes!
The fiery explosion engulfs your butterfly!
Your butterfly disappears in a burst of colours!
The fiery explosion engulfs your butterfly!!
Your butterfly disappears in a burst of colours!
Your butterfly explodes!
The fiery explosion engulfs your butterfly!!
Your butterfly disappears in a burst of colours!
The fiery explosion engulfs you!!
Ouch! That really hurt!
You die...

#.#.#.[#.#..#
#.###....#..##
#.#¤..####...#
#####.#¤###
#.#.#####
#.....#¤¤#
#[......#
#.######.#
####..#.#
##¤##b¤¤¤b#
#.....###
#.¤¤¤b¤¤¤¤#
#.......##
#.¤¤¤b¤¤¤@#
#.....#..#
#.¤¤¤¤¤¤¤b#
#....###..
###########
#....# ###
#....# #....#
#....# ##.####
##....#####
##..##.#...##


There were no monsters in sight!

Vanquished Creatures
  2 ball pythons (D:1)
  3 endoplasms (D:1)
  A giant cockroach (D:1)
  3 hobgoblins (D:1)
  4 jackals (D:1)
  2 frilled lizards (D:1)
  3 goblins (D:1)
  2 kobolds (D:1)
20 creatures vanquished.

Notes
Turn   | Place    | Note
-------+----------+-------------------------------------------
     0 | D:1      | qw the Gargoyle Berserker began the quest for the Orb.
     0 | D:1      | Reached XP level 1. HP: 14/14 MP: 1/1
     0 | D:1      | 0 ||| qw: Version: 0.1-a-104-g96f76f8
     0 | D:1      | 0 ||| qw: Game counter: 5971
     0 | D:1      | 0 ||| qw: Always use a shield: true
     0 | D:1      | 0 ||| qw: Do Orc after D:15 true
     0 | D:1      | 0 ||| qw: Do second Lair branch before Depths: true
     0 | D:1      | 0 ||| qw: Lair rune preference: random
     0 | D:1      | 0 ||| qw: Plans: Normal
     0 | D:1      | 0 ||| PLANNING D:1-11
    35 | D:1      | 35 ||| INVOKING Berserk.
    35 | D:1      | HP: 3/14 [kobold/+0 dagger (3)]
    36 | D:1      | 36 ||| INVOKING Berserk.
   411 | D:1      | 411 ||| INVOKING Berserk.
   413 | D:1      | Reached skill level 3 in Axes
   416 | D:1      | Reached XP level 2. HP: 16/19 MP: 2/2
   920 | D:1      | 920 ||| Stepping ~*~*~tactically~*~*~ (stealth).
  1112 | D:1      | Found Gimai's Distillery.
  1119 | D:1      | 1119 ||| BUYING potion of curing (33 gold).
  1119 | D:1      | Bought a potion of curing for 33 gold pieces
  1119 | D:1      | 1119 ||| SHOPLISTING potion of curing (33 gold, have 21).
  1119 | D:1      | 1119 ||| SHOPLISTING potion of haste (110 gold, have 21).
  1219 | D:1      | Reached XP level 3. HP: 23/23 MP: 3/3
  1289 | D:1      | 1289 ||| UPGRADING to +0 leather armour.
  1299 | D:1      | 1299 ||| DROPPING +0 animal skin.
  1300 | D:1      | 1300 ||| READING 2 scrolls labelled FOEKHE COILA.
  1305 | D:1      | 1305 ||| READING 3 scrolls labelled EHOSUN GILOS.
  1306 | D:1      | 1306 ||| READING scroll labelled ANOEREC VOTE.
  1307 | D:1      | 1307 ||| READING scroll labelled DOTHAM JARIRGHU.
  1308 | D:1      | 1308 ||| READING 2 scrolls labelled MECAIL VEYM.
  1308 | D:1      | Killed by an exploding butterfly... ignited by their inner
                  | flame

Levels and vault maps discovered:
D:1:      denvon_arrival_planthouse, layout_basic, serial_shops, shop

Skill      XL: |  1 |
---------------+----+-----
Axes           | 3 |  3.7
Fighting       | |  3.2
Armour         | |  2.1
Dodging        | |  1.5

Action                   || total
-------------------------++-------
Melee: Hand axe          ||    51
       Punch             ||     1
Invok: Berserk           ||     2
  Use: Scroll            ||     5
Armor: Animal skin       ||    18
Dodge: Dodged            ||    34

Table legend:
 A = Non-vault XP
 B = Vault XP
 C = Vault XP percentage of total XP
 D = Non-vault monster count
 E = Vault monster count
 F = Vault count percentage of total count
                 A         B        C        D         E       F
            +---------+---------+-------+---------+---------+-------
      Total |      35 |       0 |   0.0 |      20 |       0 |   0.0
            +---------+---------+-------+---------+---------+-------
        D:1 |      35 |       0 |   0.0 |      20 |       0 |   0.0
            +---------+---------+-------+---------+---------+-------
